Map: Cerulean Fall LE

Players

Lambo - Winner!

  • Race: Zerg Zerg
  • League: Grandmaster
  • Spawn Location: 7:00

RiSky

  • Race: Zerg Zerg
  • League: Grandmaster
  • Spawn Location: 1:00

VOD

Have the link to the VOD?

Description

Time

  • Played on: Jan. 9, 2019, 12:26 p.m.
  • Length: 9:36
Show
View Real Time Build Order
Export as new Build Order

Lambo Zerg - Winner!

Build Orders: Hatch First 

Get SALT Encoding   

  12  0:01  Drone  
  13  0:12  Overlord  
  13  0:17  Drone  
  14  0:32  Drone x2  
  16  0:51  Hatchery  
  16  0:53  Drone  
  16  0:56  Drone  
  17  0:59  Drone  
  18  1:09  Extractor  
  17  1:14  Spawning Pool  
  17  1:17  Drone  
  17  1:21  Drone  
  18  1:28  Drone  
  19  1:39  Drone  
  20  1:51  Drone  
  21  2:02  Queen  
  21  2:03  Queen, Drone  
  21  2:04  Overlord  
  26  2:10  Metabolic Boost  
  26  2:12  Drone  
  26  2:13  Drone  
  28  2:27  Zergling x4  
  30  2:36  Hatchery  
  30  2:37  Drone  
  30  2:39  Drone  
  31  2:48  Baneling Nest  
  31  2:50  Drone  
  31  2:51  Drone  
  31  2:54  Overlord  
  31  2:58  Drone  
  33  3:05  Drone  
  34  3:08  Drone  
  35  3:14  Queen  
  35  3:15  Drone x3  
  40  3:20  Zergling x4  
  40  3:23  Overlord  
  42  3:27  Drone  
  42  3:34  Drone  
  44  3:36  Evolution Chamber  
  44  3:37  Baneling x2  
  43  3:45  Drone x6  
  43  3:47  Drone  
  50  3:51  Overlord  
  50  3:52  Drone  
  50  3:53  Drone  
  50  3:54  Drone  
  52  3:58  Drone x2  
  54  4:04  Drone  
  54  4:08  Zergling x2  
  56  4:10  Drone x2  
  56  4:15  Zerg Missile Weapons Level 1  
  56  4:16  Extractor  
  57  4:17  Extractor  
  57  4:21  Zergling x4  
  57  4:22  Drone x3  
  61  4:26  Roach Warren  
  61  4:29  Drone  
  60  4:34  Drone x2  
  62  4:40  Drone  
  62  4:43  Drone x2  
  62  4:45  Lair, Extractor  
  65  4:46  Extractor  
  65  4:47  Overlord  
  65  4:49  Drone x2  
  65  4:59  Drone  
  66  5:02  Overlord  
  66  5:04  Overlord  
  66  5:05  Overlord  
  66  5:08  Overlord  
  66  5:11  Drone x2  
  66  5:13  Drone  
  69  5:19  Overlord  
  81  5:21  Roach x6  
  81  5:26  Roach  
  83  5:29  Roach x2  
  83  5:30  Roach x3  
  93  5:36  Roach x4  
  100  5:47  Roach x4  
  100  5:48  Roach x2  
  111  5:50  Glial Reconstitution  
  109  5:57  Ravager  
  109  5:59  Roach, Zergling x6  
  109  6:03  Roach, Zergling x2  
  114  6:06  Overlord x3  
  114  6:11  Burrow  
  114  6:13  Overlord  
  114  6:17  Overlord  
  114  6:23  Queen  
  114  6:24  Queen  
  115  6:26  Overlord  
  115  6:27  Roach x7  
  127  6:33  Roach x2  
  127  6:37  Baneling x2  
  127  6:38  Roach x2  
  136  6:40  Ravager  
  136  6:43  Roach  
  137  6:48  Roach x3  
  137  6:51  Roach, Zergling x4  
  137  6:52  Zergling x2  
  148  6:58  Roach, Zergling x4  
  152  7:05  Roach, Zergling x4  
  151  7:08  Ravager  
  151  7:09  Roach x2, Zergling x4  
  151  7:13  Roach, Zergling x2  
  151  7:14  Queen  
  151  7:16  Roach x9  
  151  7:18  Roach x2  
  151  7:21  Roach x4  
  142  7:26  Tunneling Claws  
  142  7:28  Zergling x4  
  141  7:35  Roach x2  
  141  7:36  Overlord  
  142  7:41  Roach x2  
  142  7:43  Roach x2  
  138  7:46  Queen x2  
  138  7:49  Queen  
  129  7:51  Roach  
  129  7:57  Roach x2  
  129  7:58  Roach x2  
  124  8:03  Roach x2  
  124  8:04  Overlord  
  113  8:15  Roach x3  
  113  8:18  Baneling x2  
  119  8:20  Spore Crawler  
  119  8:22  Queen, Drone x13  
  120  8:32  Roach x6  
  126  8:44  Queen x2  
  126  8:45  Spore Crawler  
  127  8:51  Roach x3  
  133  8:59  Roach x3  
  133  9:00  Roach x3  
  133  9:01  Roach  
  141  9:05  Spore Crawler  
  138  9:14  Roach x4  
  138  9:15  Roach, Spore Crawler  
Show
View Real Time Build Order
Export as new Build Order

RiSky Zerg 

Build Orders: Hatch First 

Get SALT Encoding   

  12  0:00  Drone  
  13  0:12  Overlord  
  13  0:17  Drone  
  14  0:30  Drone x2  
  16  0:48  Hatchery  
  15  0:51  Drone  
  15  0:55  Drone  
  17  0:58  Drone  
  18  1:09  Extractor  
  17  1:14  Spawning Pool  
  17  1:17  Drone  
  17  1:21  Drone  
  18  1:27  Drone  
  19  1:38  Drone  
  20  1:48  Overlord  
  20  2:01  Queen x2, Drone x2  
  26  2:11  Drone x2, Metabolic Boost  
  28  2:21  Zergling x2, Drone  
  30  2:36  Hatchery  
  29  2:39  Drone  
  30  2:46  Baneling Nest  
  30  2:47  Overlord  
  30  2:48  Drone  
  31  2:51  Zergling x2  
  31  2:56  Zergling x2  
  32  3:03  Drone  
  33  3:07  Drone  
  33  3:09  Zergling x2  
  33  3:11  Drone x2  
  37  3:13  Drone x3  
  37  3:17  Drone  
  37  3:18  Evolution Chamber  
  40  3:24  Queen  
  42  3:30  Baneling  
  42  3:32  Overlord  
  42  3:33  Drone  
  43  3:34  Drone  
  44  3:46  Overlord x2  
  43  3:48  Drone  
  43  3:49  Extractor  
  43  3:50  Extractor, Drone x3  
  43  3:54  Drone x2  
  47  3:56  Drone  
  47  4:01  Lair  
  48  4:04  Zergling x2  
  48  4:09  Drone x3  
  52  4:11  Drone  
  52  4:13  Zergling x2  
  52  4:14  Zergling x2  
  55  4:18  Overlord  
  55  4:21  Drone x2  
  57  4:27  Zerg Melee Weapons Level 1  
  57  4:30  Roach Warren  
  56  4:33  Drone  
  56  4:35  Drone x3  
  56  4:37  Drone  
  61  4:39  Drone  
  61  4:41  Extractor, Drone  
  61  4:42  Drone  
  61  4:44  Drone  
  64  4:47  Drone  
  64  4:49  Drone x2  
  64  4:52  Drone x2  
  69  4:53  Drone  
  69  4:56  Drone  
  69  4:58  Overlord  
  69  4:59  Drone  
  72  5:05  Spire  
  71  5:08  Extractor  
  71  5:09  Extractor, Zergling x6  
  71  5:11  Zergling x2  
  73  5:18  Zergling x4  
  73  5:20  Zergling x10  
  80  5:25  Zergling x2  
  81  5:35  Overlord  
  81  5:42  Overlord  
  81  5:43  Overlord  
  81  5:45  Overlord  
  81  5:49  Overlord  
  80  5:51  Baneling x2  
  80  5:52  Zergling x2  
  80  5:53  Zergling x2  
  83  5:57  Zergling x14  
  83  5:59  Zergling x4  
  88  6:06  Zergling x2  
  88  6:07  Zergling x8  
  88  6:10  Zergling x4  
  94  6:15  Spine Crawler  
  94  6:17  Spine Crawler x2, Zergling x2  
  91  6:21  Zergling x2  
  91  6:22  Zergling x2  
  88  6:31  Mutalisk x3  
  90  6:35  Mutalisk x3  
  90  6:37  Mutalisk x2  
  90  6:38  Mutalisk  
  90  6:39  Mutalisk  
  102  6:42  Mutalisk  
  102  6:45  Mutalisk  
  108  6:48  Mutalisk  
  108  6:51  Mutalisk  
  112  6:54  Mutalisk  
  106  7:11  Zergling x20  
  106  7:14  Zergling x4  
  103  7:19  Zergling x2  
  92  7:23  Zergling x4  
  92  7:25  Overseer  
  85  7:30  Zergling x4  
  85  7:36  Zergling x2  
  84  7:40  Zergling x2  
  80  7:44  Zergling x2  
  80  7:45  Zergling x2  
  74  7:52  Zergling x4  
  68  7:58  Mutalisk  
  68  8:02  Mutalisk  
  69  8:07  Zergling x4  
  71  8:14  Zergling x2  
  71  8:17  Zergling x2  
  73  8:25  Zergling x2  
  73  8:27  Zergling x2  
  72  8:35  Mutalisk  
  64  8:43  Mutalisk  
  66  8:49  Queen  
  66  8:50  Mutalisk  
  70  8:57  Zergling x4  
  72  9:03  Zergling x2  
  72  9:09  Zergling x4  
Tags
 
Add a new tag
Caveats
  • Supply blocks, unpowered buildings, or Contaminate may cause inaccurate times.
  • Supply counts are checked every 10 seconds.